AoeStats
← tomi09

Hideout

507527931Analyzed
1v1 RM · 13d ago on Sep 18, 2026· 42m 33s· 2 players
Game mode
Random Map
Map size
Tiny (2 player)
Population
200
Speed
Normal
Resources
Standard
Victory
Conquest
Starting age
Dark Age
Ending age
Imperial Age
RankedLock teamsTeams togetherTeam positionsShared explorationLock speedFull tech treeHidden civsTurbo modeCheats
Victory
Defeat
🇩🇪 Slavs · Germany
1136
+15
🇦🇹 Saracens · Austria
1112
-15
tomi09
7:22 Loom
9:41 Feudal Age
10:34 Double-Bit Axe
12:42 Wheelbarrow
12:50 Horse Collar
13:26 Fletching
19:32 Scale Mail Armor
19:33 Padded Archer Armor
21:49 Castle Age
21:53 Pikeman
21:56 Crossbowman
22:41 Thumb Ring
23:30 Bodkin Arrow
23:40 Squires
25:04 Chain Mail Armor
27:32 Bow Saw
30:38 Hand Cart
30:54 Leather Archer Armor
31:15 Scale Barding Armor
30:55 Light Cavalry
34:02 Ballistics
33:53 Masonry
39:39 Imperial Age
38:48 Husbandry
40:15 Forging
41:38 Bracer
43:10 Bloodlines
jonas
11:58 Feudal Age
11:35 Loom
16:17 Castle Age
14:06 Double-Bit Axe
14:07 Horse Collar
15:22 Bloodlines
15:57 Scale Barding Armor
21:38 Chain Barding Armor
28:56 Fletching
29:34 Bow Saw
29:28 Town Watch
30:19 Wheelbarrow
29:59 Elite Skirmisher
30:41 Bodkin Arrow
32:59 Ballistics
32:45 Padded Archer Armor
38:21 Imperial Age
36:55 Heavy Plow
38:33 Husbandry
38:53 Leather Archer Armor
38:48 Forging
38:44 Cavalier
40:56 Hand Cart
41:45 Two-Man Saw
Connection lost

Rejoining the realm…

Still unreachable

The connection could not be restored.

Session expired

The server has moved on; the page needs a fresh start.